 Dungeon Crawl Stone Soup version 0.30.1-4-g462c640d31 (webtiles) character file.

Game seed: 11905188986994521186

59938 Diggabert the Eclecticist (level 14, -31/108 HPs)
             Began as a Deep Elf Conjurer on Aug 12, 2023.
             Was a High Priest of Hepliaklqana.
             Annihilated by Donald
             ... wielding a +4 heavy double sword
              (36 damage)
             ... on level 2 of the Orcish Mines.
             The game lasted 01:32:38 (21018 turns).

Diggabert the Eclecticist (Deep Elf Conjurer)      Turns: 21018, Time: 01:32:38

Health: -31/108    AC: 11    Str:  4    XL:     14   Next: 55%
Magic:  1/38       EV: 13    Int: 29    God:    Hepliaklqana [*****.]
Gold:   2223       SH:  5    Dex: 13    Spells: 17/50 levels left

rFire   + . .        X - staff of conjuration
rCold   + . .        F - +0 buckler
rNeg    . . .        s - +0 troll leather armour
rPois   .            H - +2 helmet
rElec   +            O - +0 cloak
rCorr   .            V - +1 pair of gloves
SInv    .            a - +0 pair of boots
Will    ++...        k - amulet of regeneration Stlth
                     D - ring of protection from fire
HPRegen 1.98/turn    T - ring "Konupsim" {rElec rC+ Will+}
MPRegen 0.26/turn

%: no passive effects
@: berserking, very quick
A: reduced essence
a: Renounce Religion, Recall Ancestor, Ancestor Identity, Transference, Idealise


You were on level 2 of the Orcish Mines.
You worshipped Hepliaklqana.
Hepliaklqana was extremely pleased with you.
You visited 4 branches of the dungeon, and saw 18 of its levels.

You collected 2417 gold pieces.
You spent 194 gold pieces at shops.

Inventory:

Hand Weapons
 I - a +5 trident
Missiles
 f - 3 throwing nets
Armour
 a - a +0 pair of boots (worn)
 q - a +1 ring mail of fire resistance
 s - a +0 troll leather armour (worn)
 F - a +0 buckler (worn)
 H - a +2 helmet (worn)
 O - a +0 cloak (worn)
 V - a +1 pair of gloves (worn)
 Y - a +2 robe of willpower
Magical Staves
 h - a staff of air
 K - the staff of cold "Rytim" {rC+ rN+}
   (You found it on level 8 of the Dungeon)

   [staff of cold]

   Base accuracy: +5 Base damage: 5 Base attack delay: 1.2 This weapon's minimum
   attack delay (0.6) is reached at skill level 12.
   rC:        It protects you from cold.
   rN:        It protects you from negative energy.
   It falls into the 'Staves' category.
   It is a one-handed weapon.
 P - the staff of conjuration "Arau" {rElec Will- Str+4}
   (You found it on level 8 of the Dungeon)

   [staff of conjuration]

   Base accuracy: +5 Base damage: 5 Base attack delay: 1.2 This weapon's minimum
   attack delay (0.6) is reached at skill level 12.
   Str:       It affects your strength (+4).
   rElec:     It insulates you from electricity.
   Will:      It decreases your willpower.
   It falls into the 'Staves' category.
   It is a one-handed weapon.
 X - a staff of conjuration (weapon)
Jewellery
 k - an amulet of regeneration (around neck)
 p - the ring of Peadem {Fire rPois Str+2}
   (You found it on level 3 of the Lair of Beasts)

   [ring of fire]

   It enhances your fire magic.
   Str:       It affects your strength (+2).
   rF:        It protects you from fire.
   rC:        It makes you vulnerable to cold.
   rPois:     It protects you from poison.
 D - a ring of protection from fire (left hand)
 M - a ring of positive energy
 R - a ring of protection from fire
 T - the ring "Konupsim" (right hand) {rElec rC+ Will+}
   (You found it on level 8 of the Dungeon)

   [ring of willpower]

   rC:        It protects you from cold.
   rElec:     It insulates you from electricity.
   Will:      It increases your willpower.
Wands
 G - a wand of digging (10)
Scrolls
 c - a scroll of torment
 e - 2 scrolls of enchant weapon
 l - 9 scrolls of teleportation
 m - 2 scrolls of butterflies
 n - 3 scrolls of magic mapping
 r - 4 scrolls of vulnerability
 w - 2 scrolls of enchant armour
 y - 5 scrolls of brand weapon
 A - 3 scrolls of immolation
 B - 3 scrolls of amnesia
 C - 3 scrolls of fog
 J - 2 scrolls of silence
 L - a scroll of fear
 U - a scroll of poison
 Z - 3 scrolls of blinking
Potions
 b - a potion of magic
 d - a potion of might
 g - 5 potions of lignification
 i - 2 potions of flight
 j - 2 potions of mutation
 o - 4 potions of heal wounds
 t - a potion of resistance
 u - 4 potions of curing
 v - 4 potions of haste
 x - 2 potions of brilliance
 z - 6 potions of berserk rage
 N - 3 potions of attraction
 Q - a potion of invisibility
 S - a potion of ambrosia
 W - 2 potions of cancellation
Miscellaneous
 E - a phantom mirror


   Skills:
 * Level 6.8 Fighting
 * Level 9.9 Dodging
 - Level 2.4 Stealth
 - Level 4.0 Shields
 * Level 18.6 Spellcasting
 * Level 16.1 Conjurations
 * Level 10.4 Hexes


You had 17 spell levels left.
You knew the following spells:

 Your Spells              Type           Power      Damage    Failure   Level
a - Magic Dart            Conj           100%       1d8       0%          1
b - Searing Ray           Conj           100%       2d8       0%          2
c - Dazzling Flash        Conj/Hex       100%       N/A       1%          3
d - Fulminant Prism       Conj/Hex       51%        3d23      1%          4
e - Iskenderun's Mystic   Conj/Tloc      84%        2d17      1%          4
f - Cause Fear            Hex            36%        N/A       1%          4
g - Iskenderun's Battles  Conj           100%       2d15      1%          5
h - Orb of Destruction    Conj           55%        9d14      6%          7
i - Tukima's Dance        Hex            73%        N/A       1%          3

Your spell library contained the following spells:

 Spells                   Type           Power      Damage    Failure   Level
 Portal Projectile        Hex/Tloc       100%       N/A       1%          3
 Fireball                 Conj/Fire      42%        3d17      5%          5
 Anguish                  Hex/Necr       27%        N/A       6%          4
 Silence                  Hex/Air        27%        N/A       17%         5
 Conjure Ball Lightning   Conj/Air       42%        3x3d15    28%         6
 Olgreb's Toxic Radiance  Pois           27%        N/A       45%         4
 Enfeeble                 Hex            36%        N/A       52%         7
 Agony                    Necr           27%        N/A       82%         5
 Alistair's Intoxication  Tmut/Pois      18%        N/A       82%         5
 Blade Hands              Tmut           13%        N/A       82%         5
 Borgnjor's Vile Clutch   Necr/Erth      13%        N/A       82%         5
 Discord                  Hex            36%        N/A       99%         8
 Eringya's Noxious Bog    Tmut/Pois      13%        N/A       100%        6
 Ignition                 Fire           13%        3d6       100%        8


Dungeon Overview and Level Annotations

Branches:
Dungeon (11/15)            Temple (1/1) D:7            Lair (4/5) D:8
  Swamp (0/4) Lair:3        Snake (0/4) Lair:2        Slime (0/5) Lair:4
    Orc (2/2) D:11            Elf (0/3) Orc:2

Altars:
Ashenzari
Cheibriados
Dithmenos
Elyvilon
Fedhas
Gozag
Hepliaklqana
Kikubaaqudgha
Makhleb
Nemelex Xobeh
Okawaru
Qazlal
Ru
Sif Muna
Trog
Uskayaw
Vehumet
Wu Jian
Xom
Yredelemnul
Zin
The Shining One
Jiyva

Shops:
D:1 (   Orc:1 ?[**:   Orc:2 *[

Annotations:
D:7 2 runed translucent doors
Orc:1 exclusion: obsidian statue, jtron's ghost, journeyman HOFi
Orc:2 Donald


Message History

Donald says, "I'll never be able to carry all this gold!
I hate that."
Banana Bread hits Donald but does no damage.
Banana Bread avoids your attack.
Unknown command.
Unknown command.
Aiming: Magic Dart (safe; 0% risk of failure)
Press: ? - help, Q - select action, (/) - cycle Shift-Dir - straight line, f/p - Donald
Aim: Donald, wielding a +4 heavy double sword, wearing a +4 plate armour of willpower and wearing a +0 kite shield of reflection (severely wounded, fast, strong, not watching you, ally target, reflecting blocked projectiles, 100% to hit)
You feel a surge of power!
The magic dart hits Donald but does no damage.
Donald is severely wounded.
Donald hits you with a +4 heavy double sword!!
Donald blocks Banana Bread's attack.
Unknown command.
Unknown command.
A red film seems to cover your vision as you go berserk!
You feel yourself moving faster!
You feel mighty!
Donald hits you with a +4 heavy double sword!!!
* * * LOW HITPOINT WARNING * * *
You hit Donald.
Donald is severely wounded.
Donald blocks Banana Bread's attack.
Donald barely misses Banana Bread.
You hit Donald.
Donald is severely wounded.
Donald blocks your attack.
Donald is severely wounded.
Donald says, "Would you happen to remember where the Orb is?"
Donald barely misses you.
Donald blocks Banana Bread's attack.
Donald blocks your attack.
Donald is severely wounded.
Donald hits you with a +4 heavy double sword!!
* * * LOW HITPOINT WARNING * * *
Banana Bread hits Donald but does no damage.
You hit Donald.
Donald is almost dead.
Donald completely misses you. Donald blocks your attack.
Donald is almost dead.
Donald hits you with a +4 heavy double sword!!!
You die...

....∩...# ## ...... .......##. .
...... .......... #. ...... #....
....#.....##. ....... #.... .R###
....... ....... #.... .##
#.......######......####...
..####.........R#..........##....
...............@)..........#.....
#...............@.....#.......)).
##........#.....$.....#....†..)).
#.......###...<......###...)..).#
..∩.....# ##......#.## ###.#...##
#......## ###.#..### #######
...#.### ###.## ..#...# ..# #
..##..# ... .#. ...#


You could see the friendly Banana Bread the knight and Donald (fast, strong,
ally target, reflecting).

Vanquished Creatures
  The ghost of LordWeiramon the Thaumaturge, a journeyman DjFE of Makhleb (Lair:3)
  The ghost of SirLogeyBear the Cleaver, a journeyman HOBe of Trog (D:9)
  Harold (D:9)
  A catoblepas (Lair:1)
  A centaur warrior (D:8)
  3 two-headed ogres
  A death yak (Lair:2)
  The ghost of mkat the Martial Artist, a novice GnTm (D:9)
  The ghost of ystael the Skirmisher, a novice GnHu of Hepliaklqana (D:8)
  Sonja (Lair:4)
  3 lindwurms (D:8)
  A bog body (Lair:2)
  An oklob plant (Lair:2)
  A cyclops (D:7)
  Maurice (D:8)
  Joseph (D:10)
  3 elephants (Lair:4)
  A torpor snail (Lair:2)
  A black mamba (Lair:3)
  7 cane toads
  A gargoyle (D:10)
  5 rime drakes
  2 komodo dragons
  A freezing wraith (Lair:2)
  An ice devil (Lair:2)
  3 polar bears
  3 trolls
  9 blink frogs
  24 yaks
  3 wyverns
  A vampire (D:11)
  A steam dragon (D:7)
  2 basilisks (Lair:1)
  A death yak simulacrum (Lair:3)
  Grum (D:9)
  4 vampire mosquitoes
  A catoblepas simulacrum (Lair:3)
  3 nagas (Lair:2)
  2 wargs
  11 water moccasins
  3 sky beasts (D:7)
  2 black bears (D:7)
  12 orc warriors
  An elephant zombie (Lair:4)
  An ice beast (D:5)
  8 ogres
  13 wolves
  5 centaurs
  3 kobold brigands
  A lemure (D:9)
  A phantom (D:4)
  A komodo dragon zombie (Lair:4)
  3 gnoll sergeants
  16 bullfrogs
  2 two-headed ogre simulacra (Lair:2)
  5 scorpions
  12 wights
  A blink frog simulacrum (Lair:3)
  8 killer bees
  A rime drake simulacrum (Lair:3)
  4 electric eels (Lair:4)
  An elephant simulacrum (Lair:2)
  3 howler monkeys
  2 hounds
  A gnoll bouda (D:6)
  A jelly (D:6)
  11 orc priests
  2 sleepcaps
  Jessica (D:2)
  Terence (D:2)
  3 iguanas
  11 orc wizards
  6 hell rats (Lair:2)
  2 polar bear simulacra
  A spriggan simulacrum (Lair:2)
  A basilisk simulacrum (Lair:3)
  22 gnolls
  7 adders
  A shadow imp (D:5)
  2 white imps
  An ufetubus (D:5)
  2 worms (D:2)
  3 dart slugs
  40 orcs
  6 endoplasms
  A giant cockroach (D:1)
  8 goblins
  3 hobgoblins
  4 jackals (D:2)
  6 quokkas
  7 ball pythons
  6 bats
  6 frilled lizards
  24 kobolds
  8 rats
418 creatures vanquished.

Vanquished Creatures (collateral kills)
  Lodul (D:11)
  A lindwurm (D:8)
  Pikel (D:9)
  A necromancer (Lair:4)
  A manticore (D:11)
  An ugly thing (D:11)
  A cyclops (D:11)
  A black mamba (Lair:2)
  3 cane toads
  Psyche (D:9)
  2 komodo dragons
  A polar bear (Lair:2)
  A troll (Orc:1)
  A hornet (D:11)
  A shadow (D:9)
  5 yaks
  A wyvern (Lair:1)
  4 water moccasins
  An elephant zombie (Lair:4)
  An orc warrior (Orc:2)
  4 wolves
  An ogre (Orc:1)
  A lemure (D:9)
  2 centaurs
  A bullfrog (D:8)
  A kobold brigand (D:7)
  An entropy weaver simulacrum (Lair:2)
  2 wights (D:8)
  2 killer bees
  A howler monkey (D:7)
  An orc priest (D:10)
  An iguana (D:7)
  A hell rat (Lair:2)
  4 orc wizards
  4 gnolls
  An ufetubus (D:6)
  4 orcs
  2 kobolds
64 creatures vanquished.

Vanquished Creatures (others)
  5 knights
  4 ancestors (D:7)
  74 fulminant prisms
83 creatures vanquished.

Grand Total: 565 creatures vanquished

Notes
Turn   | Place    | Note
-------+----------+-------------------------------------------
     0 | D:1      | Diggabert the Deep Elf Conjurer began the quest for the
                  | Orb.
     0 | D:1      | Reached XP level 1. HP: 10/10 MP: 6/6
   242 | D:1      | Reached XP level 2. HP: 16/16 MP: 6/8
   590 | D:1      | Found Yri Ethrey's Antique Weapon Shop.
   755 | D:1      | Reached skill level 5 in Conjurations
   866 | D:2      | Noticed Jessica
   869 | D:2      | Killed Jessica
   870 | D:2      | Reached XP level 3. HP: 6/20 MP: 5/9
   875 | D:2      | HP: 1/20 [poisoned by an adder]
   961 | D:2      | Learned a level 2 spell: Searing Ray
   965 | D:2      | Learned a level 3 spell: Dazzling Flash
   973 | D:2      | Found a blossoming altar of Fedhas.
  1227 | D:2      | Reached XP level 4. HP: 24/24 MP: 5/11
  1564 | D:2      | Learned a level 4 spell: Fulminant Prism
  1607 | D:2      | Noticed Terence
  1613 | D:2      | Reached skill level 1 in Hexes
  1615 | D:2      | Reached skill level 1 in Fighting
  1615 | D:2      | Reached XP level 5. HP: 29/29 MP: 1/12
  1699 | D:2      | Killed Terence
  1700 | D:2      | Reached skill level 4 in Spellcasting
  1952 | D:3      | Found a glowing silver altar of Zin.
  2335 | D:3      | Found a sparkling altar of Nemelex Xobeh.
  2908 | D:4      | Noticed a phantom
  2918 | D:4      | Killed a phantom
  2919 | D:4      | Reached XP level 6. HP: 28/34 MP: 4/14
  3124 | D:4      | Learned a level 4 spell: Iskenderun's Mystic Blast
  3162 | D:4      | Reached skill level 5 in Spellcasting
  3468 | D:4      | Found a shimmering altar of Xom.
  3469 | D:4      | Found a hazy altar of Hepliaklqana.
  3470 | D:4      | Noticed a spectral ugly thing
  3476 | D:4      | Became a worshipper of Hepliaklqana the Forgotten
  4079 | D:4      | Found a shadowy altar of Dithmenos.
  4390 | D:5      | Entered Level 5 of the Dungeon
  4401 | D:5      | Noticed a water moccasin
  4406 | D:5      | Killed a water moccasin
  4407 | D:5      | Reached XP level 7. HP: 9/39 MP: 8/17
  4777 | D:5      | Reached skill level 6 in Spellcasting
  5059 | D:5      | Reached skill level 7 in Spellcasting
  5480 | D:6      | Reached XP level 8. HP: 44/44 MP: 13/20
  5551 | D:6      | Found a snail-covered altar of Cheibriados.
  5601 | D:6      | Reached * piety under Hepliaklqana
  6382 | D:7      | Found a large runed translucent door.
  6382 | D:7      | Noticed a cyclops
  6384 | D:7      | Found a large runed translucent door.
  6429 | D:7      | Reached skill level 8 in Spellcasting
  6536 | D:7      | Noticed a two-headed ogre
  6543 | D:7      | Killed a two-headed ogre
  6544 | D:7      | Reached skill level 9 in Spellcasting
  6544 | D:7      | Reached XP level 9. HP: 26/45 MP: 1/24
  6756 | D:7      | Found a shimmering blue altar of Sif Muna.
  6763 | D:7      | Found an ornate altar of the Wu Jian Council.
  6808 | D:7      | Reached skill level 5 in Dodging
  6835 | D:7      | Found a large runed translucent door.
  6835 | D:7      | Found a large runed translucent door.
  6877 | D:7      | Reached skill level 10 in Spellcasting
  7120 | D:7      | Found an ancient bone altar of Kikubaaqudgha.
  7136 | D:7      | Found a hide-covered altar of Uskayaw.
  7165 | D:7      | Reached skill level 10 in Conjurations
  7165 | D:7      | Reached skill level 5 in Hexes
  7380 | D:7      | Found a staircase to the Ecumenical Temple.
  7390 | Temple   | Entered the Ecumenical Temple
  7537 | D:7      | Reached skill level 11 in Spellcasting
  7838 | D:7      | Reached ** piety under Hepliaklqana
  7839 | D:7      | Remembered your ancestor Banana Bread as a knight
  8241 | D:7      | Killed a cyclops
  8242 | D:7      | Reached XP level 10. HP: 50/50 MP: 16/27
  8350 | D:8      | Reached skill level 1 in Shields
  8603 | D:8      | Learned a level 4 spell: Cause Fear
  8650 | D:8      | Noticed a lindwurm
  8650 | D:8      | Noticed a lindwurm
  8653 | D:8      | Noticed a lindwurm
  8654 | D:8      | Noticed a lindwurm
  8659 | D:8      | Killed a lindwurm
  8661 | D:8      | Killed a lindwurm
  8662 | D:8      | Reached skill level 12 in Spellcasting
  8774 | D:8      | Killed a lindwurm
  8812 | D:8      | Killed a lindwurm
  8923 | D:8      | Found a blossoming altar of Fedhas.
  8923 | D:8      | Identified the staff of cold "Rytim" {rC+ rN+}
  8923 | D:8      | Noticed Maurice
  8939 | D:8      | Killed Maurice
  9150 | D:8      | Found a staircase to the Lair.
  9262 | D:8      | Noticed a centaur warrior
  9267 | D:8      | Found a transporter.
  9268 | D:8      | Noticed ystael's ghost (novice GnHu)
  9287 | D:8      | Found a transporter.
  9648 | D:8      | Identified the staff of conjuration "Arau" {rElec Will-
                  | Str+4}
  9658 | D:8      | Identified the ring "Konupsim" {rElec rC+ Will+}
  9692 | D:8      | Learned a level 5 spell: Iskenderun's Battlesphere
  9700 | D:8      | Learned a level 7 spell: Orb of Destruction
  9725 | D:9      | Reached XP level 11. HP: 54/54 MP: 20/29
  9729 | D:9      | Noticed Grum
  9736 | D:9      | Killed Grum
  9740 | D:9      | Reached skill level 13 in Spellcasting
  9985 | D:8      | Killed a centaur warrior
  9985 | D:8      | Killed ystael's ghost
 10311 | D:9      | Noticed Harold
 10321 | D:9      | Killed Harold
 10507 | D:9      | Found a runed translucent gate.
 10509 | D:9      | Found a runed translucent gate.
 10509 | D:9      | Found a runed translucent gate.
 10509 | D:9      | Noticed SirLogeyBear's ghost (journeyman HOBe)
 10509 | D:9      | Noticed mkat's ghost (novice GnTm)
 10581 | D:9      | Reached skill level 14 in Spellcasting
 10697 | D:9      | Noticed Pikel
 10709 | D:9      | Killed Pikel
 11237 | D:9      | Reached *** piety under Hepliaklqana
 11364 | D:9      | Noticed Psyche
 11370 | D:9      | Killed Psyche
 11427 | D:9      | Killed mkat's ghost
 11433 | D:9      | Killed SirLogeyBear's ghost
 11636 | D:10     | Entered Level 10 of the Dungeon
 11928 | D:10     | Noticed a sea snake
 12236 | D:10     | Noticed Joseph
 12245 | D:10     | Killed Joseph
 12246 | D:10     | Reached XP level 12. HP: 61/61 MP: 23/32
 12505 | D:10     | Reached skill level 5 in Fighting
 13204 | D:11     | Noticed Lodul
 13208 | D:11     | Reached skill level 15 in Spellcasting
 13212 | D:11     | Killed Lodul
 13322 | D:11     | Learned a level 3 spell: Tukima's Dance
 13363 | D:11     | Found an opulent altar of Gozag.
 13395 | D:11     | Identified the +7 long sword of Change {flame, Str+2 Int+3}
 13551 | D:11     | Noticed a two-headed ogre
 13557 | D:11     | Killed a two-headed ogre
 13824 | D:11     | Reached **** piety under Hepliaklqana
 13947 | D:11     | Found a staircase to the Orcish Mines.
 14405 | Lair:1   | Entered Level 1 of the Lair of Beasts
 14723 | Lair:1   | Reached skill level 16 in Spellcasting
 14919 | Lair:1   | Identified the amulet "Kiul" {Spirit rF+ Will+++ Dex+4
                  | Slay-6}
 14969 | Lair:1   | Reached XP level 13. HP: 66/66 MP: 35/35
 15169 | Lair:1   | Reached ***** piety under Hepliaklqana
 15671 | Lair:2   | Identified a scroll of acquirement
 15673 | Lair:2   | Acquired 663 gold pieces
 15694 | Lair:2   | Found a staircase to the Snake Pit.
 15894 | Lair:2   | Reached skill level 15 in Conjurations
 15896 | Lair:2   | Reached skill level 17 in Spellcasting
 16052 | Lair:2   | Reached XP level 14. HP: 72/72 MP: 4/37
 17290 | Lair:3   | Found a staircase to the Swamp.
 17342 | Lair:3   | Reached skill level 10 in Hexes
 17468 | Lair:3   | Noticed LordWeiramon's ghost (journeyman DjFE)
 17470 | Lair:3   | Found the +11 plutonium sword {Contam Stlth-}
 17537 | Lair:3   | Found a runed translucent gate.
 17537 | Lair:3   | Found a runed translucent gate.
 17537 | Lair:3   | Found a runed translucent gate.
 17746 | Lair:3   | Killed LordWeiramon's ghost
 17941 | Lair:3   | Got the ring of Peadem {Fire rPois Str+2}
 17983 | Lair:4   | Reached skill level 18 in Spellcasting
 18581 | Lair:4   | Noticed Sonja
 18584 | Lair:4   | Killed Sonja
 18717 | Lair:4   | Found a staircase to the Slime Pits.
 18717 | Lair:4   | Found a viscous altar of Jiyva.
 19854 | Orc:1    | Entered Level 1 of the Orcish Mines
 19897 | Orc:1    | Found Naupieg's Book Shop.
 20183 | Orc:1    | Found Weyth's General Store.
 20221 | Orc:1    | Found Idupuck's Antique Armour Boutique.
 20372 | Orc:1    | Found Marghi Peni's Magic Scroll Shoppe.
 20375 | Orc:1    | Bought a scroll of blinking for 97 gold pieces
 20375 | Orc:1    | Bought a scroll of blinking for 97 gold pieces
 20524 | Orc:2    | Entered Level 2 of the Orcish Mines
 20532 | Orc:2    | Found Eredd's Antique Armour Emporium.
 20536 | Orc:2    | Found Ihephip's Assorted Antiques.
 20680 | Orc:2    | Found a staircase to the Elven Halls.
 20754 | Orc:1    | Found a runed translucent gate.
 20755 | Orc:1    | Found a runed translucent gate.
 20756 | Orc:1    | Found an opulent altar of Gozag.
 20756 | Orc:1    | Found a runed translucent gate.
 20759 | Orc:1    | Found Hic Qomu's Assorted Antiques.
 20762 | Orc:1    | Noticed jtron's ghost (journeyman HOFi)
 20870 | Orc:2    | Noticed Donald
 21016 | Orc:2    | HP: 2/108 [Donald/+4 heavy double sword (25)]
 21018 | Orc:2    | Annihilated by Donald

Illustrated notes

Levels and vault maps discovered:
D:1:      dpeg_arrival_arbitrary_c, layout_basic, serial_shops, shop
D:2:      layout_rooms, basic_altar, nicolae_figureground_pulse, uniq_jessica,
          uniq_terence
D:3:      layout_loops_ring, lemuel_round_altar, nemelex_spade_bored_becter
D:4:      layout_layer_cave, regret_index_temple_of_mockery,
          lemuel_coloured_pillars_altar
D:5:      layout_basic
D:6:      layout_loops_cross, kennysheep_slug_shrine, gup_sewer_entry_glass
D:7:      layout_loops_ring, minitemple, mainiacjoe_overflow_swirl,
          minmay_temple_entry_trees, chequers_serial_rivers_room_a,
          minmay_hollow_rounded_squares
D:8:      layout_layer_cave, fedhas_bush_and_centaur_altar, david_lair_shrubbed,
          nzn_ghost_randoct, minmay_lindwurm_lava, uniq_maurice
D:9:      layout_long_grid, gammafunk_ghost_cemetery, uniq_psyche, uniq_grum,
          uniq_harold, uniq_pikel
D:10:     layout_basic, serial_aquarium, aquarium_bridge_square
          [aquarium_subvault_bridge, aquarium_subvault_balcony,
          aquarium_subvault_bridge, aquarium_subvault_wall],
          aquarium_bridge_long_separate [aquarium_subvault_bridge,
          aquarium_subvault_window, aquarium_subvault_wall,
          aquarium_subvault_balcony, aquarium_subvault_balcony,
          aquarium_subvault_bridge], aquarium_window_3, aquarium_window_2,
          aquarium_window_fake, aquarium_window_1, aquarium_view_2c,
          aquarium_view_2b, uniq_joseph
D:11:     layout_irregular_city, orc_0_dummy, kennysheep_small_spiral,
          nicolae_gozag_cash_rules_everything_around_me, uniq_lodul
Temple:   nicolae_temple_ecumenical_triangle
Lair:1:   layout_regular_city, infiniplex_staircase_pool
Lair:2:   dreamdust_isle_of_ice, layout_chaotic_city,
          minmay_snake_entry_guardpost_medium
Lair:3:   layout_misc_corridors, swamp_mist, gammafunk_ghost_icy
Lair:4:   pond_and_an_island_with_a_cottage, layout_gridlike, slime_entry_1,
          minivault_24, serial_bayou_shore_b, uniq_sonja
Orc:1:    layout_diamond_mine, serial_shops, nicolae_shop_window_shopping, shop,
          nicolae_shop_rolled_up, nicolae_book_shop_shelving,
          nicolae_shop_statue_plus, ebering_ghost_gozag
Orc:2:    kennysheep_orc_mage_school, layout_diamond_mine, serial_shops,
          nicolae_shop_overgrown_old_shop, shop, shop, shop,
          nicolae_shop_just_a_little_nook, okawaru_metal_pillars_3, uniq_urug,
          uniq_donald

Skill      XL: |  1  2  3  4  5  6  7  8  9 10 11 12 13 14 |
---------------+-------------------------------------------+-----
Conjurations   | 5 6 7 8 9 10 12 13 14 15 16 | 16.1
Hexes          | 1 2 3 4 5 6 7 9 10 | 10.4
Fighting       | 1 2 3 4 6 |  6.8
Dodging        | 3 4 5 6 7 9 |  9.9
Spellcasting   | 4 5 7 9 11 12 14 16 17 18 | 18.6
Shields        | 2 3 4 |  4.0
Stealth        | |  2.4

Action                     |  1- 3 |  4- 6 |  7- 9 | 10-12 | 13-15 || total
---------------------------+-------+-------+-------+-------+-------++-------
  Melee: Dagger            |     3 |     1 |       |       |       ||     4
         Spear             |       |     3 |       |       |       ||     3
         Punch             |       |     1 |       |       |       ||     1
         Staff             |       |       |    23 |     5 |    11 ||    39
   Cast: Magic Dart        |    52 |    99 |   138 |   239 |   248 ||   776
         Searing Ray       |       |    16 |    39 |    20 |    15 ||    90
         Fulminant Prism   |       |       |     5 |    46 |    23 ||    74
         Iskenderun's Myst |       |       |       |    14 |    35 ||    49
         Iskenderun's Batt |       |       |       |    26 |    39 ||    65
         Tukima's Dance    |       |       |       |       |     2 ||     2
         Orb of Destructio |       |       |       |       |     2 ||     2
         Cause Fear        |       |       |       |       |     1 ||     1
 Invoke: Recall Ancestor   |       |       |     1 |       |     3 ||     4
         Ancestor Identity |       |       |     1 |       |       ||     1
         Ancestor Life: Kn |       |       |     1 |       |       ||     1
    Use: Scroll            |     3 |     3 |     6 |    14 |     8 ||    34
         Potion            |       |       |     5 |     3 |     1 ||     9
 Armour: Robe              |     2 |       |     8 |     2 |       ||    12
         Troll leather arm |       |       |       |     9 |     9 ||    18
  Dodge: Dodged            |    10 |     7 |    44 |    37 |    24 ||   122
  Block: Buckler           |       |       |     3 |    13 |     7 ||    23
